 Dungeon Crawl Stone Soup version 0.21.1-1-g345015f (webtiles) character file.

178 tidbits the Magician (level 5, -11/55 HPs)
             Began as a Gnoll Wanderer on June 15, 2018.
             Mangled by diana's ghost (18 damage)
             ... on level 5 of the Dungeon.
             The game lasted 00:11:07 (952 turns).

tidbits the Magician (Gnoll Wanderer)                Turns: 952, Time: 00:11:08

Health: -11/55     AC:  2    Str: 19    XL:     5   Next: 58%
Magic:  9/12       EV: 19    Int: 16    God:
Gold:   101        SH:  0    Dex: 21    Spells: 10/14 levels left

rFire    . . .     SeeInvis .     - Unarmed
rCold    . . .     Gourm    .   (shield currently unavailable)
rNeg     . . .     Faith    .   (armour currently unavailable)
rPois    x         Spirit   .   (helmet currently unavailable)
rElec    .         Reflect  .   (cloak currently unavailable)
rCorr    .         Harm     .   (gloves currently unavailable)
MR       .....                  (boots currently unavailable)
Stlth    ..........             (no amulet)
HPRegen  0.18/turn              h - +2 ring of strength
MPRegen  0.13/turn              y - ring of wizardry

@: berserking, spider-form, very slightly contaminated, invisible, very quick
A: tiny, distributed training, strong nose
a: End Transformation


You were on level 5 of the Dungeon.
You were not hungry.
You were a venomous arachnid creature.
You visited 1 branch of the dungeon, and saw 5 of its levels.

You collected 229 gold pieces.
You spent 128 gold pieces at shops.

Inventory:

Hand Weapons
 a - a +0 dagger (melded)
 b - a +0 falchion
 u - a +0 blowgun
 w - a +0 hunting sling
Missiles
 e - 17 arrows
 g - 2 tomahawks
 k - 24 bolts
 p - 83 stones
 t - 3 javelins (quivered)
 v - 9 poisoned needles
Armour
 d - a +0 robe (melded)
 q - a +1 scale mail of fire resistance
   (You took it off Terence on level 2 of the Dungeon)
 B - a +0 large shield
Jewellery
 h - a +2 ring of strength (left front leg)
   (You found it on level 1 of the Dungeon)
 y - a ring of wizardry (right front leg)
   (You found it on level 3 of the Dungeon)
Wands
 m - a wand of clouds (2)
Scrolls
 f - 3 scrolls of teleportation
 i - 4 scrolls of identify
 j - a scroll of fog
 l - a scroll of blinking
 r - a scroll of enchant armour
 s - 2 scrolls of remove curse
 x - 2 scrolls of immolation
 C - a scroll of amnesia {unknown}
Potions
 z - a potion of curing
Books
 o - the Collected Works on Intoxication

   Spells                             Type                      Level
   a - Sting                          Conjuration/Poison           1
   b - Spider Form                    Transmutation/Poison         3
Comestibles
 c - 10 rations


   Skills:
 + Level 1.5 Fighting
 + Level 1.5 Short Blades
 + Level 1.5 Long Blades
 + Level 1.5 Axes
 + Level 1.5 Maces & Flails
 + Level 1.5 Polearms
 + Level 1.5 Staves
 + Level 1.5 Slings
 + Level 1.5 Bows
 + Level 1.5 Crossbows
 + Level 3.0 Throwing
 + Level 1.5 Armour
 + Level 1.5 Dodging
 + Level 1.5 Stealth
 + Level 1.5 Shields
 + Level 1.5 Unarmed Combat
 + Level 5.2 Spellcasting
 + Level 1.2 Conjurations
 + Level 4.0 Hexes
 + Level 1.2 Charms
 + Level 4.0 Summonings
 + Level 4.0 Necromancy
 + Level 1.2 Translocations
 + Level 1.2 Transmutations
 + Level 1.2 Fire Magic
 + Level 1.2 Ice Magic
 + Level 1.2 Air Magic
 + Level 1.2 Earth Magic
 + Level 1.2 Poison Magic
 + Level 1.7 Invocations
 + Level 3.0 Evocations


You had 10 spell levels left.
You knew the following spells:

 Your Spells              Type           Power        Failure   Level  Hunger
a - Sting                 Conj/Pois      #...         9%          1    None
p - Spider Form           Tmut/Pois      #.........   21%         3    ###....


Dungeon Overview and Level Annotations

Branches:
Dungeon (5/15)
 Temple: D:4-7

Altars:
Gozag
Sif Muna
Vehumet

Shops:
D:5 *

Annotations:
D:5 Edmund; diana's ghost, novice VSFi


Innate Abilities, Weirdness & Mutations

Your experience applies equally to all skills.
((You have very sharp teeth.))
Your uncanny sense of smell can sniff out nearby items.


Message History

Something hits you.
You hit something. Something hits you.
You hit something but do no damage. Something hits you.
You hit something but do no damage. Something hits you but does no damage.
Unknown command.
You miss something.
Your Throwing skill increases to level 3!
Your Hexes skill increases to level 4!
Your Summonings skill increases to level 4!
Your Necromancy skill increases to level 4!
Your Evocations skill increases to level 3!
You feel a bit more experienced.
Unknown command.
Items here: $ ( ))) [[[[ ††††
p - 67 stones (gained 26);
B - a large shield You now have 86 gold pieces (gained 7).
Your transformation has ended.
Your +0 dagger unmelds from your body.
Your +0 robe unmelds from your body.
A quokka zombie comes into view.
Found 15 gold pieces and 16 stones.
You see here 15 gold pieces.
You now have 101 gold pieces (gained 15).
You see here 16 stones.
p - 83 stones (gained 16) Edmund and a player ghost come into view.
Edmund is wielding a flail of holy wrath.
Diana's ghost turns its malevolent gaze towards you.
Okay, then.
Unknown command.
Okay, then.
Unknown command.
As you read the scroll of identify, it crumbles to dust.
A - a potion of invisibility
Press: ? - help, . - travel You can't see that place. [the floor.]
Okay, then.
Okay, then.
Unknown command.
Evoke which item? (* to show all) (? for menu, Esc to quit)
Okay, then.
Evoke which item? (* to show all) (? for menu, Esc to quit)
Aiming: Cloud Cone
Press: ? - help, Dir - move target cursor, f - diana's ghost
Aim: diana's ghost You create a blast of poison gas!
Press: ? - help, v - describe, . - travel
Here: diana's ghost (poison gas)
The floor.
Okay, then.
Unknown command.
Wield which item (- for none, * to show all)? (? for menu, Esc to quit)
Okay, then.
Wield which item (- for none, * to show all)? (? for menu, Esc to quit)
Okay, then.
Press: ? - help, v - describe, . - travel
Here: diana's ghost The floor.
Diana's ghost wails.
A jelly comes into view.
Found a scroll labeled DACEABR QAHEAPT.
You see here a scroll labeled DACEABR QAHEAPT.
C - a scroll labeled DACEABR QAHEAPT
Found 26 arrows.
Evoke which item? (* to show all) (? for menu, Esc to quit)
Aiming: Cloud Cone
Press: ? - help, Dir - move target cursor, f/p - diana's ghost
Aim: diana's ghost You create a blast of noxious fumes!
You fade into invisibility!
Diana's ghost hits you!
You are very lightly contaminated with residual magic.
Casting: Spider Form
Confirm with . or Enter, or press ? or * to list all spells.
You turn into a venomous arachnid creature.
Your +0 dagger melds into your body.
Your +0 robe melds into your body.
Diana's ghost shouts, "Do you think the gods will protect you?"
Diana's ghost misses you.
A red film seems to cover your vision as you go berserk!
You feel yourself moving faster!
You feel mighty! Diana's ghost misses you.
You catch the helpless diana's ghost completely off-guard!
You bite diana's ghost!
Diana's ghost is moderately damaged.
Diana's ghost hits you!
* * * LOW HITPOINT WARNING * * *
You bite diana's ghost!
Diana's ghost is heavily damaged.
You hit diana's ghost.
Diana's ghost is heavily damaged.
Diana's ghost completely misses you.
You bite diana's ghost!
Diana's ghost is almost destroyed.
Diana's ghost hits you!
* * * LOW HITPOINT WARNING * * *
You completely miss diana's ghost.
Diana's ghost is almost destroyed.
Diana's ghost hits you!!
You die...

... .# #####..@ #.. .#
....... #.. .# #....Z.
#.. (# #.# #Z #.. .#
#.###.. #.. .# #.##..
#####.§####.# #.##..
......§§JWs.# #W##.#
.###.§§##########
#.##.#.
#.....W......####.##.#.
#.#.########...........
#.#.# ######.##.## .
#.# #.##)# .# #.#
#..##.# #. #.# #.###.#
# #.# #.# #.#


You could see a jelly and diana's ghost.

Vanquished Creatures
  2 orc wizards
  Terence (D:2)
  A worker ant (D:3)
  3 adders
  A leopard gecko (D:1)
  6 orcs
  2 giant cockroaches (D:2)
  7 goblins
  6 hobgoblins
  4 quokkas
  3 bats
  5 kobolds
  A quokka skeleton (D:5)
  4 rats
  A toadstool (D:1)
47 creatures vanquished.

Vanquished Creatures (others)
  An orc (D:4)
  3 toadstools (D:1)
4 creatures vanquished.

Grand Total: 51 creatures vanquished

Notes
Turn   | Place    | Note
-------+----------+-------------------------------------------
     0 | D:1      | tidbits the Gnoll Wanderer began the quest for the Orb.
     0 | D:1      | tidbits set off with: a wand of paralysis (15), the Collected Works on Intoxication, a scroll of teleportation, a +0 robe, a +0 dagger, a ration
     0 | D:1      | Reached XP level 1. HP: 13/13 MP: 6/6
     0 | D:1      | Identified the Collected Works on Intoxication
     2 | D:1      | Learned a level 1 spell: Sting
    53 | D:1      | Reached XP level 2. HP: 7/19 MP: 3/7
   282 | D:2      | Noticed Terence
   300 | D:2      | Reached skill level 5 in Spellcasting
   300 | D:2      | Reached XP level 3. HP: 7/25 MP: 4/9
   317 | D:2      | Learned a level 3 spell: Spider Form
   361 | D:2      | Killed Terence
   361 | D:2      | Reached skill level 1 in Fighting
   361 | D:2      | Reached skill level 1 in Short Blades
   361 | D:2      | Reached skill level 1 in Long Blades
   361 | D:2      | Reached skill level 1 in Axes
   361 | D:2      | Reached skill level 1 in Maces & Flails
   361 | D:2      | Reached skill level 1 in Polearms
   361 | D:2      | Reached skill level 1 in Staves
   361 | D:2      | Reached skill level 1 in Slings
   361 | D:2      | Reached skill level 1 in Bows
   361 | D:2      | Reached skill level 1 in Crossbows
   361 | D:2      | Reached skill level 1 in Armour
   361 | D:2      | Reached skill level 1 in Dodging
   361 | D:2      | Reached skill level 1 in Stealth
   361 | D:2      | Reached skill level 1 in Shields
   361 | D:2      | Reached skill level 1 in Unarmed Combat
   361 | D:2      | Reached skill level 1 in Invocations
   361 | D:2      | Reached XP level 4. HP: 7/32 MP: 4/11
   590 | D:5      | Entered Level 5 of the Dungeon
   646 | D:3      | Reached skill level 1 in Conjurations
   646 | D:3      | Reached skill level 1 in Charms
   646 | D:3      | Reached skill level 1 in Translocations
   646 | D:3      | Reached skill level 1 in Transmutations
   646 | D:3      | Reached skill level 1 in Fire Magic
   646 | D:3      | Reached skill level 1 in Ice Magic
   646 | D:3      | Reached skill level 1 in Air Magic
   646 | D:3      | Reached skill level 1 in Earth Magic
   646 | D:3      | Reached skill level 1 in Poison Magic
   651 | D:3      | Reached XP level 5. HP: 7/37 MP: 7/12
   736 | D:5      | Found Gifechud's Assorted Antiques.
   739 | D:5      | Bought a scroll labeled EZANIE OG HUINK for 32 gold pieces
   739 | D:5      | Bought a scroll labeled TITA ROTOMNUBB for 32 gold pieces
   739 | D:5      | Bought a scroll labeled EZANIE OG HUINK for 32 gold pieces
   739 | D:5      | Bought a scroll labeled EZANIE OG HUINK for 32 gold pieces
   762 | D:5      | Found a deep blue altar of Sif Muna.
   828 | D:5      | Found an opulent altar of Gozag.
   828 | D:5      | Found a radiant altar of Vehumet.
   903 | D:5      | Reached skill level 3 in Throwing
   903 | D:5      | Reached skill level 4 in Hexes
   903 | D:5      | Reached skill level 4 in Summonings
   903 | D:5      | Reached skill level 4 in Necromancy
   903 | D:5      | Reached skill level 3 in Evocations
   917 | D:5      | Noticed Edmund
   917 | D:5      | Noticed diana's ghost (novice VSFi)
   952 | D:5      | Mangled by diana's ghost

Skill      XL: |  1  2  3  4  5 |
---------------+----------------+-----
Spellcasting   | 5 |  5.2
Fighting       | 1 |  1.5
Short Blades   | 1 |  1.5
Long Blades    | 1 |  1.5
Axes           | 1 |  1.5
Maces & Flails | 1 |  1.5
Polearms       | 1 |  1.5
Staves         | 1 |  1.5
Slings         | 1 |  1.5
Bows           | 1 |  1.5
Crossbows      | 1 |  1.5
Armour         | 1 |  1.5
Dodging        | 1 |  1.5
Stealth        | 1 |  1.5
Shields        | 1 |  1.5
Unarmed Combat | 1 |  1.5
Invocations    | 1 |  1.7
Conjurations   | 1 |  1.2
Charms         | 1 |  1.2
Translocations | 1 |  1.2
Transmutations | 1 |  1.2
Fire Magic     | 1 |  1.2
Ice Magic      | 1 |  1.2
Air Magic      | 1 |  1.2
Earth Magic    | 1 |  1.2
Poison Magic   | 1 |  1.2
Throwing       | 3 |  3.0
Hexes          | 4 |  4.0
Summonings     | 4 |  4.0
Necromancy     | 4 |  4.0
Evocations     | 3 |  3.0

Action                   |  1- 3 |  4- 6 || total
-------------------------+-------+-------++-------
Melee: Dagger            |    24 |    10 ||    34
       Bite              |     2 |       ||     2
       Unarmed           |     8 |    59 ||    67
       Falchion          |       |     3 ||     3
Throw: Javelin           |       |     1 ||     1
 Cast: Sting             |    18 |    11 ||    29
       Spider Form       |     2 |    10 ||    12
Evoke: Wand              |    15 |     2 ||    17
  Use: Potion            |       |     4 ||     4
       Scroll            |       |     9 ||     9
 Stab: Paralysed         |    15 |       ||    15
       Sleeping          |       |     2 ||     2
       Invisible         |       |     1 ||     1
  Eat: Chunk             |       |     1 ||     1
Armor: Skin              |       |     5 ||     5
       Robe              |       |     2 ||     2
Dodge: Dodged            |    18 |    51 ||    69

Table legend:
 A = Turns spent in this place as a percentage of turns spent in the entire game.
 B = Non-inter-level travel turns spent in this place as a percentage of non-inter-level travel turns spent in the entire game.
 C = Inter-level travel turns spent in this place as a percentage of turns spent in this place.
 D = Turns resting spent in this place as a percentage of non-inter-level travel turns spent in this place.
 E = Turns spent auto-exploring this place as a percentage of non-inter-level travel turns spent in this place.
 F = Non-inter-level travel turns spent in this place divided by the number of levels of this place that you've seen.
                   A       B       C       D       E      F
               +-------+-------+-------+-------+-------+----------------------
         Total | 100.0 | 100.0 |   0.0 |   0.0 |   0.0 | 190.4
       Dungeon | 100.0 | 100.0 |   0.0 |   0.0 |   0.0 | 190.4
               +-------+-------+-------+-------+-------+----------------------

Table legend:
 A = Kills in this place as a percentage of kills in entire the game.
 B = Kills by you in this place as a percentage of kills by you in the entire game.
 C = Kills by friends in this place as a percentage of kills by friends in the entire game.
 D = Other kills in this place as a percentage of other kills in the entire game.
 E = Experience gained in this place as a percentage of experience gained in the entire game.
 F = Experience gained in this place divided by the number of levels of this place that you have seen.
                   A       B       C       D       E      F
               +-------+-------+-------+-------+-------+----------------------
         Total | 100.0 | 100.0 |   N/A |   N/A | 100.0 |  51.0
       Dungeon | 100.0 | 100.0 |   N/A |   N/A | 100.0 |  51.0
               +-------+-------+-------+-------+-------+----------------------

Vault maps used:
D:1:      ldierk_water_garden, minmay_octomino_e4
D:2:      lemuel_crystal_altar, old_standard_altar, hex_medium,
          minmay_tree_intersection, minmay_crystal_room, uniq_terence
D:3:      kennysheep_slug_shrine, serial_glass, glass_columns_c, glass_columns_a
D:4:      nicolae_overflow_crystal_walls, first_ration, uniq_pikel, uniq_grinder
D:5:      lemuel_doored_altar, old_standard_altar, grunt_dithmenos_smoke,
          gammafunk_temple_overflow_pools, serial_shops,
          nicolae_shop_behind_doors, uniq_edmund
